MLB
HOUSTON ASTROS @ CALIFORNIA ANGELS
08/31/2049
 
TOP OF THE 1ST
Houston Astros batting - Pitching for California Angels : LHP Jeff Baker
Pitching: LHP Jeff Baker
Batting: LHB Josh Corkery 0-0: Fly out, F5 (Popup, 5SF, EV 83.1 MPH)
Batting: RHB Eric Chotkowski 0-0: Ball
1-0: Foul Ball, location: 2F
1-1: Swinging Strike
1-2: Ball
2-2: Strikes out swinging
Batting: RHB Jeremy Trump 0-0: SINGLE (Groundball, 6D, EV 100.0 MPH)
Batting: LHB Mark Dearth 0-0: Called Strike
0-1: Ball
1-1: Fly out, F9 (Flyball, 9D, EV 106.9 MPH)
Top of the 1st over - 0 runs, 1 hit, 0 errors, 1 left on base; Houston 0 - California 0
BOTTOM OF THE 1ST
California Angels batting - Pitching for Houston Astros : LHP Mat Pear
Pitching: LHP Mat Pear
Batting: RHB Bjoern Waltersson 0-0: Called Strike
0-1: Ball
1-1: Called Strike
1-2: Strikes out looking
Batting: RHB Ryuji Ito 0-0: Called Strike
0-1: Ball
1-1: SINGLE (Line Drive, 89M, EV 94.4 MPH)
Batting: RHB Preston Deakyne 0-0: Called Strike
0-1: Ball
1-1: Swinging Strike
1-2: Ball
2-2: Ball
3-2: Foul Ball, location: 2F
3-2: Base on Balls
Ryuji Ito to second
Batting: LHB Mark Reeg 0-0: Ball
1-0: SINGLE (Groundball, 34D, EV 106.2 MPH)
Ryuji Ito to third
Preston Deakyne to second
Batting: RHB Alain Delhaye 0-0: Foul Ball, location: 2F
0-1: Ball
1-1: Ball
2-1: Ball
3-1: Base on Balls
Ryuji Ito scores
Preston Deakyne to third
Mark Reeg to second
Batting: LHB Micah Miller 0-0: Ball
1-0: Called Strike
1-1: Foul Ball, location: 2F
1-2: Ball
2-2: Foul Ball, location: 2F
2-2: Strikes out looking
Batting: RHB Ryan Munro 0-0: Ball
1-0: Foul Ball, location: 2F
1-1: Fly out, F7 (Flyball, 7, EV 94.4 MPH)
Bottom of the 1st over - 1 run, 2 hits, 0 errors, 3 left on base; Houston 0 - California 1
TOP OF THE 2ND
Houston Astros batting - Pitching for California Angels : LHP Jeff Baker
Batting: SHB Joe Gardner 0-0: Fly out, F9 (Flyball, 89M, EV 73.8 MPH)
Batting: LHB Jack Christie 0-0: Ball
1-0: Called Strike
1-1: SINGLE (Groundball, 4D, EV 102.5 MPH)
Batting: LHB Bryce Hill 0-0: Swinging Strike
0-1: Called Strike
0-2: Strikes out swinging
Batting: RHB Mark Marks 0-0: Ball
1-0: Called Strike
1-1: Swinging Strike
1-2: Foul Ball, location: 2F
1-2: Ball
2-2: Fly out, F7 (Flyball, 78M, EV 93.8 MPH)
Top of the 2nd over - 0 runs, 1 hit, 0 errors, 1 left on base; Houston 0 - California 1
BOTTOM OF THE 2ND
California Angels batting - Pitching for Houston Astros : LHP Mat Pear
Batting: LHB Javier Trujillo 0-0: Foul Ball, location: 2F
0-1: Ball
1-1: Foul Ball, location: 2F
1-2: Strikes out swinging
Batting: LHB Jonathon Walton 0-0: Ball
1-0: Called Strike
1-1: Foul Ball, location: 2F
1-2: Ball
2-2: Ball
3-2: Strikes out looking
Batting: RHB Bjoern Waltersson 0-0: Called Strike
0-1: Ball
1-1: Ball
2-1: Swinging Strike
2-2: Ball
3-2: Base on Balls
Batting: RHB Ryuji Ito 0-0: Foul Ball, location: 2F
0-1: Ball
Bjoern Waltersson steals 2nd base
1-1: Ball
2-1: Foul Ball, location: 2F
2-2: Ground out 1-3 (Groundball, 15S, EV 61.2 MPH)
Bottom of the 2nd over - 0 runs, 0 hits, 0 errors, 1 left on base; Houston 0 - California 1
TOP OF THE 3RD
Houston Astros batting - Pitching for California Angels : LHP Jeff Baker
Batting: LHB Danny Wolver 0-0: Swinging Strike
0-1: Swinging Strike
0-2: Strikes out swinging
Batting: LHB Josh Corkery 0-0: Ball
1-0: Ball
2-0: Foul Ball, location: 2F
2-1: Called Strike
2-2: Ball
3-2: Base on Balls
Batting: RHB Eric Chotkowski 0-0: Called Strike
0-1: Foul Ball, location: 2F
0-2: Strikes out swinging
Batting: RHB Jeremy Trump 0-0: Ball
Josh Corkery is caught stealing 2nd base 2-4
Top of the 3rd over - 0 runs, 0 hits, 0 errors, 0 left on base; Houston 0 - California 1
BOTTOM OF THE 3RD
California Angels batting - Pitching for Houston Astros : LHP Mat Pear
Batting: RHB Preston Deakyne 0-0: Called Strike
0-1: Ball
1-1: Ball
2-1: SINGLE (Groundball, 4MD, EV 106.2 MPH)
Batting: LHB Mark Reeg 0-0: Ball
1-0: Ball
2-0: Foul Ball, location: 2F
2-1: Foul Ball, location: 2F
2-2: Ball
3-2: Fielders Choice at 2nd, 4-6 (Groundball, 34D, EV 101.9 MPH)
Batting: RHB Alain Delhaye 0-0: Ball
1-0: Swinging Strike
1-1: Ball
2-1: SINGLE (Line Drive, 8RS, EV 108.1 MPH)
Mark Reeg to second
Batting: LHB Micah Miller 0-0: Grounds into double play, 4-6-3 (Groundball, 34D, EV 101.9 MPH)
Bottom of the 3rd over - 0 runs, 2 hits, 0 errors, 1 left on base; Houston 0 - California 1
TOP OF THE 4TH
Houston Astros batting - Pitching for California Angels : LHP Jeff Baker
Batting: RHB Jeremy Trump 0-0: Ball
1-0: Ball
2-0: Foul Ball, location: 2F
2-1: Foul Ball, location: 2F
2-2: Foul Ball, location: 2F
2-2: Ball
3-2: Fly out, F9 (Flyball, 9D, EV 93.8 MPH)
Batting: LHB Mark Dearth 0-0: Foul Ball, location: 2F
0-1: Called Strike
0-2: Strikes out swinging
Batting: SHB Joe Gardner 0-0: Fly out, F6 (Line Drive, 6M, EV 76.2 MPH)
Top of the 4th over - 0 runs, 0 hits, 0 errors, 0 left on base; Houston 0 - California 1
BOTTOM OF THE 4TH
California Angels batting - Pitching for Houston Astros : LHP Mat Pear
Batting: RHB Ryan Munro 0-0: Ball
1-0: Foul Ball, location: 2F
1-1: Ball
2-1: Called Strike
2-2: SINGLE (Groundball, 5S, EV 70.0 MPH) (infield hit)
Batting: LHB Javier Trujillo 0-0: Fly out, F9 (Line Drive, 89M, EV 100.6 MPH)
Batting: LHB Jonathon Walton 0-0: Fly out, F9 (Flyball, 9, EV 90.6 MPH)
Batting: RHB Bjoern Waltersson 0-0: Ball
1-0: Swinging Strike
1-1: Ball
2-1: Fly out, F8 (Flyball, 8LXD, EV 103.8 MPH)
Bottom of the 4th over - 0 runs, 1 hit, 0 errors, 1 left on base; Houston 0 - California 1
TOP OF THE 5TH
Houston Astros batting - Pitching for California Angels : LHP Jeff Baker
Batting: LHB Jack Christie 0-0: Foul Ball, location: 2F
0-1: Fly out, F7 (Flyball, 7D, EV 95.6 MPH)
Batting: LHB Bryce Hill 0-0: Ball
1-0: Swinging Strike
1-1: Called Strike
1-2: Strikes out swinging
Batting: RHB Mark Marks 0-0: Ball
1-0: Called Strike
1-1: DOUBLE (Line Drive, 3D, EV 106.9 MPH)
Batting: LHB Danny Wolver 0-0: Called Strike
0-1: Foul Ball, location: 2F
0-2: Strikes out looking
Top of the 5th over - 0 runs, 1 hit, 0 errors, 1 left on base; Houston 0 - California 1
BOTTOM OF THE 5TH
California Angels batting - Pitching for Houston Astros : LHP Mat Pear
Batting: RHB Ryuji Ito 0-0: Swinging Strike
0-1: Ball
1-1: SINGLE (Line Drive, 7LS, EV 104.4 MPH)
Batting: RHB Preston Deakyne 0-0: Ball
1-0: Fly out, F8 (Flyball, 8LD, EV 101.2 MPH)
Batting: LHB Mark Reeg 0-0: Foul Ball, location: 2F
0-1: Called Strike
0-2: Ball
1-2: SINGLE (Popup, 2R, EV 95.0 MPH)
Ryuji Ito to second
Batting: RHB Alain Delhaye 0-0: Grounds into double play, 6-4-3 (Groundball, 6S, EV 81.2 MPH)
Bottom of the 5th over - 0 runs, 2 hits, 0 errors, 1 left on base; Houston 0 - California 1
TOP OF THE 6TH
Houston Astros batting - Pitching for California Angels : LHP Jeff Baker
Batting: LHB Josh Corkery 0-0: Ball
1-0: Called Strike
1-1: Foul Ball, location: 2F
1-2: Reached on error, E5 (Groundball, 5, EV 88.8 MPH)
Batting: RHB Eric Chotkowski 0-0: Called Strike
0-1: Ball
Josh Corkery steals 2nd base (no throw)
1-1: Foul Ball, location: 2F
1-2: Foul Ball, location: 2F
1-2: Foul Ball, location: 2F
1-2: Ball
2-2: Ball
3-2: Ground out 6-3 (Groundball, 6M, EV 86.9 MPH)
Josh Corkery to third
Batting: RHB Jeremy Trump 0-0: Swinging Strike
0-1: Called Strike
0-2: Ball
1-2: Ball
2-2: Strikes out swinging
Batting: LHB Mark Dearth 0-0: Ball
1-0: Called Strike
1-1: Ball
2-1: SINGLE (Line Drive, 9S, EV 103.8 MPH)
Josh Corkery scores
Batting: SHB Joe Gardner 0-0: Fly out, F9 (Flyball, 89M, EV 85.6 MPH)
Top of the 6th over - 1 run, 1 hit, 1 error, 1 left on base; Houston 1 - California 1
BOTTOM OF THE 6TH
California Angels batting - Pitching for Houston Astros : LHP Mat Pear
Batting: LHB Micah Miller 0-0: Foul Ball, location: 2F
0-1: Foul Ball, location: 2F
0-2: Ball
1-2: Foul Ball, location: 2F
1-2: Ball
2-2: SINGLE (Groundball, 4MD, EV 106.9 MPH)
Batting: RHB Ryan Munro 0-0: Foul Ball, location: 2F
0-1: Ball
1-1: Grounds into double play, 5-4-3 (Groundball, 5S, EV 81.2 MPH)
Batting: LHB Javier Trujillo 0-0: Ground out U3 (Groundball, 3L, EV 88.1 MPH)
Bottom of the 6th over - 0 runs, 1 hit, 0 errors, 0 left on base; Houston 1 - California 1
TOP OF THE 7TH
Houston Astros batting - Pitching for California Angels : LHP Jeff Baker
Batting: LHB Jack Christie 0-0: Foul Ball, location: 2F
0-1: Called Strike
0-2: Strikes out swinging
Batting: LHB Bryce Hill 0-0: Called Strike
0-1: Ball
1-1: Swinging Strike
1-2: Strikes out swinging
Batting: RHB Mark Marks 0-0: Swinging Strike
0-1: SOLO HOME RUN (Line Drive, 7D, EV 100.6 MPH), Distance : 384 ft
Pitching: RHP Bryan Banana
Batting: LHB Danny Wolver 0-0: Ball
1-0: Called Strike
1-1: Swinging Strike
1-2: Foul Ball, location: 2F
1-2: Strikes out swinging
Top of the 7th over - 1 run, 1 hit, 0 errors, 0 left on base; Houston 2 - California 1
BOTTOM OF THE 7TH
California Angels batting - Pitching for Houston Astros : LHP Mat Pear
Batting: LHB Jonathon Walton 0-0: Ball
1-0: Foul Ball, location: 2F
1-1: Ball
2-1: Ground out 4-3 (Groundball, 4, EV 86.9 MPH)
Batting: RHB Bjoern Waltersson 0-0: Called Strike
0-1: Foul Ball, location: 2F
0-2: Foul Ball, location: 2F
0-2: Foul Ball, location: 2F
0-2: Ball
1-2: DOUBLE (Line Drive, 5D, EV 98.1 MPH)
Batting: RHB Ryuji Ito 0-0: Ball
1-0: Ball
2-0: Called Strike
2-1: Ball
3-1: Called Strike
3-2: Foul Ball, location: 2F
3-2: Foul Ball, location: 2F
3-2: SINGLE (Groundball, 4D, EV 106.2 MPH)
Bjoern Waltersson to third
Runner from 3rd tries for Home, SAFE, throw by CF to home
Pitching: RHP Aaron Shapiro
Batting: RHB Preston Deakyne 0-0: Ball
1-0: Called Strike
1-1: Ball
2-1: Ball
3-1: Base on Balls
Ryuji Ito to second
Batting: LHB Mark Reeg 0-0: Ball
1-0: Foul Ball, location: 2F
1-1: Ball
2-1: Swinging Strike
2-2: Foul Ball, location: 2F
2-2: Strikes out swinging
Batting: RHB Alain Delhaye 0-0: Ball
1-0: Ball
2-0: Ball
3-0: Called Strike
3-1: Base on Balls
Ryuji Ito to third
Preston Deakyne to second
Batting: LHB Micah Miller 0-0: Ball
1-0: Called Strike
1-1: Ball
2-1: GRAND SLAM HOME RUN (Flyball, 9D, EV 110.0 MPH), Distance : 408 ft
Pitching: RHP Bill Rondeau
Batting: RHB Ryan Munro 0-0: Ball
1-0: Foul Ball, location: 2F
1-1: Swinging Strike
1-2: Ground out 6-3 (Groundball, 6, EV 109.4 MPH)
Bottom of the 7th over - 5 runs, 3 hits, 0 errors, 0 left on base; Houston 2 - California 6
TOP OF THE 8TH
Houston Astros batting - Pitching for California Angels : RHP Bryan Banana
Pitching: LHP Keith Pratt
Batting: LHB Josh Corkery 0-0: Foul Ball, location: 2F
0-1: Foul Ball, location: 2F
0-2: Ball
1-2: Ball
2-2: Foul Ball, location: 2F
2-2: Strikes out swinging
Batting: RHB Eric Chotkowski 0-0: Fly out, F7 (Flyball, 7S, EV 82.5 MPH)
Batting: RHB Jeremy Trump 0-0: Ball
1-0: Ball
2-0: Fly out, F9 (Flyball, 89M, EV 80.6 MPH)
Top of the 8th over - 0 runs, 0 hits, 0 errors, 0 left on base; Houston 2 - California 6
BOTTOM OF THE 8TH
California Angels batting - Pitching for Houston Astros : RHP Bill Rondeau
Batting: LHB Javier Trujillo 0-0: Ball
1-0: Ball
2-0: Ball
3-0: Called Strike
3-1: Foul Ball, location: 2F
3-2: SINGLE (Groundball, 56S, EV 65.0 MPH) (infield hit)
Batting: LHB Jonathon Walton 0-0: Ball
1-0: Fly out, F9 (Flyball, 9D, EV 97.5 MPH)
Runner from 1st tags up, SAFE at 2nd
Batting: RHB Bjoern Waltersson 0-0: Ball
1-0: Foul Ball, location: 2F
1-1: Foul Ball, location: 2F
1-2: Ball
2-2: Ball
3-2: Ground out 6-3 (Groundball, 6, EV 83.1 MPH)
Javier Trujillo to third
Batting: RHB Ryuji Ito 0-0: Ball
1-0: Ball
2-0: Ball
3-0: Called Strike
3-1: Fly out, F7 (Flyball, 7D, EV 90.6 MPH)
Bottom of the 8th over - 0 runs, 1 hit, 0 errors, 1 left on base; Houston 2 - California 6
TOP OF THE 9TH
Houston Astros batting - Pitching for California Angels : LHP Keith Pratt
Batting: LHB Mark Dearth 0-0: Called Strike
0-1: Foul Ball, location: 2F
0-2: SOLO HOME RUN (Flyball, 7D, EV 96.2 MPH), Distance : 384 ft
Pitching: LHP George Poirier
Batting: SHB Joe Gardner 0-0: Called Strike
0-1: SINGLE (Groundball, 34D, EV 106.9 MPH)
Batting: LHB Jack Christie 0-0: Ball
1-0: Called Strike
1-1: Swinging Strike
1-2: Fly out, F6 (Popup, P, EV 75.6 MPH)
Pinch Hitting: RHB Kyle Davis 0-0: Foul Ball, location: 2F
0-1: Ball
1-1: Ball
2-1: Fly out, F9 (Line Drive, 9, EV 93.1 MPH)
Batting: RHB Mark Marks 0-0: Swinging Strike
0-1: Ball
1-1: Ball
2-1: Ball
3-1: Base on Balls
Joe Gardner to second
Batting: LHB Danny Wolver 0-0: Ball
1-0: Ball
2-0: Called Strike
2-1: Foul Ball, location: 2F
2-2: Fly out, F7 (Flyball, 7, EV 78.8 MPH)
Top of the 9th over - 1 run, 2 hits, 0 errors, 2 left on base; Houston 3 - California 6
Sunday, July 16th , 2023 - OOTP Baseball 24.6 Build 69